AoeStats
← Kiminyua

Enclosed

506318977Analyzed
1v1 RM · 19d ago on Sep 13, 2026· 55m 53s· 2 players
Game mode
Random Map
Map size
Tiny (2 player)
Population
200
Speed
Normal
Resources
Standard
Victory
Conquest
Starting age
Dark Age
Ending age
Imperial Age
RankedLock teamsTeams togetherTeam positionsShared explorationLock speedFull tech treeHidden civsTurbo modeCheats
Victory
Defeat
🇨🇴 Japanese · Colombia
278
+12
🇮🇳 Dravidians · India
200
-12
Mgb TN Ind
13:36 Feudal Age
13:48 Loom
14:24 Town Watch
15:41 Horse Collar
15:49 Double-Bit Axe
22:13 Castle Age
23:11 Town Patrol
28:05 Town Patrol
30:36 Heavy Plow
30:49 Bow Saw
32:50 Husbandry
32:13 Light Cavalry
40:44 Wheelbarrow
44:28 Ballistics
44:00 Guard Tower
47:56 Imperial Age
46:35 Hand Cart
46:41 Medical Corps
50:41 Two-Man Saw
53:53 Chemistry
53:32 Keep
52:44 Arrowslits
52:57 Murder Holes
53:14 Fortified Wall
52:57 Man-at-Arms
52:58 Pikeman
53:25 Gambesons
53:40 Squires
53:03 Elite Skirmisher
53:50 Thumb Ring
54:09 Guilds
Kiminyua
7:29 Loom
16:04 Feudal Age
19:48 Double-Bit Axe
20:41 Wheelbarrow
19:53 Horse Collar
19:42 Man-at-Arms
21:03 Gold Mining
25:00 Bloodlines
30:09 Scale Barding Armor
36:06 Castle Age
40:44 Hand Cart
41:45 Chain Barding Armor
41:44 Town Watch
45:06 Imperial Age
45:48 Imperial Age
43:19 Town Patrol
44:05 Yasama
46:08 Bow Saw
47:33 Scale Mail Armor
47:36 Padded Archer Armor
47:28 Fletching
47:49 Forging
48:22 Gold Shaft Mining
47:37 Stone Mining
48:57 Parthian Tactics
49:03 Light Cavalry
51:44 Heavy Plow
Connection lost

Rejoining the realm…

Still unreachable

The connection could not be restored.

Session expired

The server has moved on; the page needs a fresh start.